 Dungeon Crawl Stone Soup version 0.30.0-19-g36f170ea60 (webtiles) character file.

Game seed: 11025281025314782629

658 Graphine the Stinger (level 7, 0/60 HPs)
             Began as a Red Draconian Venom Mage on May 31, 2023.
             Was a Follower of Lugonu.
             Slain by a black bear (8 damage)
             ... on level 5 of the Dungeon.
             The game lasted 00:15:26 (5189 turns).

Graphine the Stinger (Red Draconian Venom Mage)     Turns: 5189, Time: 00:15:28

Health: 0/60       AC:  6    Str: 11    XL:     7   Next: 29%
Magic:  5/13       EV: 12    Int: 23    God:    Lugonu [*.....]
Gold:   233        SH:  0    Dex: 11    Spells: 3/15 levels left

rFire   + . .        p - +1 short sword (distort)
rCold   . . .        (no shield)
rNeg    + . .        (body armour unavailable)
rPois   .            (helmet restricted)
rElec   .            (no cloak)
rCorr   .            (no gloves)
SInv    .            (no boots)
Will    .....        (no amulet)
Stlth   ++           a - ring of positive energy
HPRegen 0.30/turn    l - +6 ring of intelligence
MPRegen 0.13/turn

%: no passive effects
@: no status effects
A: breathe fire, AC +6, unfitting armour, fire resistance 1, cold-blooded
a: Breathe Fire, Renounce Religion, Depart the Abyss


You were on level 5 of the Dungeon.
You worshipped Lugonu.
Lugonu was aware of your devotion.
You visited 1 branch of the dungeon, and saw 5 of its levels.

You collected 233 gold pieces.

Inventory:

Hand Weapons
 c - a +0 short sword
 p - a +1 short sword of distortion (weapon)
Missiles
 b - 9 poisoned darts
Magical Staves
 j - a staff of earth
 o - a staff of death
Jewellery
 a - a ring of positive energy (left hand)
 l - a +6 ring of intelligence (right hand)
Wands
 n - a wand of quicksilver (4)
 r - a wand of flame (41)
Scrolls
 e - 6 scrolls of teleportation
 h - 2 scrolls of vulnerability
 q - a scroll of silence
Potions
 d - 3 potions of curing
 f - a potion of might {unknown}
 g - a potion of cancellation
 i - a potion of invisibility
 k - a potion of heal wounds {unknown}
 m - a potion of degeneration {unknown}
 s - a potion of flight {unknown}
 t - a potion of magic
 u - a potion of brilliance {unknown}


   Skills:
 + Level 4.8 Fighting
 - Level 1.7 Dodging
 - Level 1.7 Stealth
 + Level 4.6 Spellcasting
 - Level 1.0 Transmutations
 + Level 5.4 Poison Magic


You had 3 spell levels left.
You knew the following spells:

 Your Spells              Type           Power      Damage    Failure   Level
a - Sting                 Tmut/Pois      80%        1d7       2%          1
b - Poisonous Vapours     Pois/Air       34%        N/A       4%          2
c - Cigotuvi's Dreadful   Necr/Pois/Air  26%        N/A       7%          2
d - Olgreb's Toxic Radia  Pois           30%        N/A       11%         4
e - Ignite Poison         Fire/Tmut/Pois 15%        N/A       12%         3

Your spell library contained the following spells:

 Spells                   Type           Power      Damage    Failure   Level
 Mephitic Cloud           Conj/Pois/Air  13%        N/A       14%         3
 Ensorcelled Hibernation  Hex/Ice        10%        N/A       16%         2
 Gell's Gravitas          Tloc           5%         N/A       30%         3
 Summon Guardian Golem    Hex/Summ       5%         N/A       30%         3
 Teleport Other           Tloc           5%         N/A       30%         3
 Tukima's Dance           Hex            5%         N/A       30%         3
 Freezing Cloud           Conj/Ice/Air   2%         6-21      95%         5
 Summon Forest            Summ/Tloc      2%         N/A       95%         5
 Eringya's Noxious Bog    Tmut/Pois      10%        N/A       99%         6
 Dispersal                Tloc           2%         N/A       100%        6
 Summon Hydra             Summ           2%         N/A       100%        7


Dungeon Overview and Level Annotations

Branches:
Dungeon (5/15)
 Temple: D:4-7

Altars:
Kikubaaqudgha
Lugonu

Portals:
Abyss: D:3


Innate Abilities, Weirdness & Mutations

You can breathe blasts of fire.
Your fiery red scales are hard. (AC +6)
You cannot fit into any form of body armour.
Your flesh is heat resistant. (rF+)
You are cold-blooded and may be slowed by cold attacks.


Message History

The black bear is lightly wounded.
The black bear closely misses you.
The black bear claws you but does no damage.
The black bear barely misses you.
Casting: Sting (safe; 2% risk of failure)
Confirm with . or Enter, or press ? or * to list all spells.
Aiming: Sting (safe; 2% risk of failure)
Press: ? - help, Shift-Dir - straight line, f/p - black bear
Aim: a black bear (lightly wounded, poisoned, 82% to hit)
The sting hits the black bear.
The black bear looks even sicker.
The black bear is moderately wounded.
The black bear closely misses you. The black bear claws you.
* * * LOW HITPOINT WARNING * * *
The black bear closely misses you.
Casting: Sting (safe; 2% risk of failure)
Confirm with . or Enter, or press ? or * to list all spells.
Aiming: Sting (safe; 2% risk of failure)
Press: ? - help, Shift-Dir - straight line, f/p - black bear
Aim: a black bear (moderately wounded, very poisoned, 82% to hit)
The sting hits the black bear but does no damage.
The black bear looks even sicker.
The black bear is moderately wounded.
The black bear bites you.
* * * LOW HITPOINT WARNING * * *
The black bear misses you. The black bear claws you.
* * * LOW HITPOINT WARNING * * *
Hit: p) +1 short sword (distort)
Press: ? - help, Dir - move target, f/p - black bear
Aim: a black bear (moderately wounded, very poisoned, about 31% to evade your +1 short sword of distortion)
You hit the black bear.
Space warps horribly around the black bear!
The black bear is almost dead.
The black bear goes berserk!
Hit: p) +1 short sword (distort)
Press: ? - help, Dir - move target, f/p - black bear
Aim: a black bear (almost dead, berserk, very poisoned, about 31% to evade your +1 short sword of distortion)
You completely miss the black bear.
The black bear is almost dead.
The black bear bites you!
You die...

.######..# #>......#
.........# #.##.##.#
########.# #.##.##)#
##.###.## #.##.#))#
####.......###.......#
+.....................
####...##..###.###...#
##h#....# #.###...#
#@#.##.# #.......#
#.#.##.# #.##.#.##
#.#.##.# #.##.#.#
#$.....# #......##
###.#### ####.####
#..... ###### #


You could see a black bear (berserk, very poisoned).

Vanquished Creatures
  A scorpion (D:5)
  5 killer bees (D:5)
  A howler monkey (D:5)
  2 orc priests
  3 iguanas (D:5)
  Natasha (D:4)
  An orc wizard (D:4)
  3 adders
  An ufetubus (D:4)
  A worm (D:2)
  4 dart slugs
  13 orcs
  6 ball pythons
  5 bats
  A bat zombie (D:3)
  8 endoplasms
  2 giant cockroaches
  9 goblins
  9 hobgoblins
  5 jackals
  3 quokkas
  7 frilled lizards
  10 kobolds
  4 rats
  A rat zombie (D:3)
106 creatures vanquished.

Notes
Turn   | Place    | Note
-------+----------+-------------------------------------------
     0 | D:1      | Graphine the Draconian Venom Mage began the quest for the
                  | Orb.
     0 | D:1      | Reached XP level 1. HP: 14/14 MP: 3/3
   140 | D:1      | Reached skill level 1 in Fighting
   140 | D:1      | Reached XP level 2. HP: 23/23 MP: 1/5
   959 | D:1      | Reached XP level 3. HP: 23/28 MP: 3/6
  1314 | D:2      | Learned a level 2 spell: Poisonous Vapours
  1471 | D:2      | Got the Grimoire of Weather and the Jinx
  1475 | D:2      | Learned a level 2 spell: Cigotuvi's Dreadful Rot
  1758 | D:2      | You fall into a shaft and drop 2 floors!
  1969 | D:4      | Reached XP level 4. HP: 31/31 MP: 6/8
  2486 | D:2      | Found a faded altar of an unknown god.
  3167 | D:3      | Found a large runed translucent door.
  3168 | D:3      | Found a large runed translucent door.
  3168 | D:3      | Found a corrupted altar of Lugonu.
  3182 | D:3      | Learned a level 4 spell: Olgreb's Toxic Radiance
  3204 | D:3      | Became a worshipper of Lugonu the Unformed
  3235 | D:3      | Found a one-way gate to the infinite horrors of the Abyss.
  3431 | D:3      | Reached skill level 4 in Poison Magic
  3600 | D:3      | Found an ancient bone altar of Kikubaaqudgha.
  3934 | D:4      | Noticed Natasha
  3941 | D:4      | Killed Natasha
  3942 | D:4      | Reached XP level 5. HP: 44/44 MP: 6/9
  4560 | D:5      | Entered Level 5 of the Dungeon
  4574 | D:5      | Reached XP level 6. HP: 51/51 MP: 9/11
  4735 | D:5      | Learned a level 3 spell: Ignite Poison
  4821 | D:5      | Reached * piety under Lugonu
  5006 | D:5      | Reached skill level 5 in Poison Magic
  5165 | D:5      | Your scales start taking on a fiery red colour.
  5165 | D:5      | Reached XP level 7. HP: 20/60 MP: 5/13
  5165 | D:5      | Gained mutation: Your flesh is heat resistant. (rF+) [Red
                  | Draconian growth]
  5189 | D:5      | Slain by a black bear

Illustrated notes

Levels and vault maps discovered:
D:1:      heliophobic_arrival_glass_houses, layout_loops_cross
D:2:      layout_loops_ring, ebering_ecumenical_altar_webs,
          minmay_crystal_water, minmay_pentomino_t4
D:3:      due_chaos_kobolds, layout_loops_corners,
          lemuel_zombie_altar_kikubaaqudgha
D:4:      cheibrodos_quashed, layout_loops_ring, grunt_ministairs_6,
          minivault_24, uniq_natasha
D:5:      layout_loops_corners, ebering_ghost_inner_flame, minmay_crystal_room,
          chequers_serial_rivers_small_b

Skill      XL: |  1  2  3  4  5  6 |
---------------+-------------------+-----
Fighting       | 1 2 3 4 |  4.8
Spellcasting   | 3 4 |  4.6
Poison Magic   | 4 5 |  5.4
Dodging        | |  1.7
Stealth        | |  1.7
Transmutations | |  1.0

Action                     |  1- 3 |  4- 6 |  7- 9 || total
---------------------------+-------+-------+-------++-------
  Melee: Short sword       |    87 |    80 |     2 ||   169
         Tailslap          |    13 |     6 |       ||    19
   Cast: Sting             |    47 |    43 |     3 ||    93
         Poisonous Vapours |     3 |       |       ||     3
         Cigotuvi's Dreadf |     2 |       |       ||     2
         Olgreb's Toxic Ra |       |     5 |       ||     5
         Ignite Poison     |       |     3 |       ||     3
Ability: Breathe Fire      |       |       |     1 ||     1
    Use: Potion            |     1 |     2 |       ||     3
         Scroll            |     6 |     6 |       ||    12
   Stab: Sleeping          |     2 |     1 |       ||     3
 Armour: Skin              |    26 |    22 |     1 ||    49
  Dodge: Dodged            |    63 |    54 |     8 ||   125
